Map: Lerilak Crest

Players

Javert - Winner!

  • Race: Zerg Zerg
  • League: Gold

Wormwood

  • Race: Protoss Protoss
  • League: Gold

VOD

Have the link to the VOD?

Description

Time

  • Played on: Sept. 17, 2015, 11:24 p.m.
  • Length: 11:26
Show
View Real Time Build Order
Export as new Build Order

Javert Zerg - Winner!

Build Orders: Hatch First 

Get SALT Encoding   

  12  0:01  Drone  
  13  0:18  Overlord  
  14  0:21  Drone  
  14  0:36  Drone x2  
  14  0:40  Drone  
  17  0:55  Hatchery  
  16  0:58  Drone  
  16  1:02  Extractor  
  16  1:03  Drone  
  17  1:12  Drone  
  18  1:30  Spawning Pool  
  18  1:32  Drone  
  18  1:42  Drone  
  19  1:55  Overlord  
  19  2:00  Drone  
  20  2:17  Metabolic Boost  
  20  2:18  Queen x2  
  24  2:23  Roach Warren  
  24  2:24  Zergling x2  
  24  2:26  Zergling x2  
  25  2:42  Zergling x10  
  30  2:49  Drone  
  31  2:58  Queen  
  32  3:09  Zergling x8  
  35  3:17  Overlord  
  35  3:24  Spine Crawler  
  32  3:41  Zergling x14  
  39  3:52  Drone x3  
  41  4:12  Zergling x8  
  41  4:29  Zergling x8  
  42  4:36  Zergling x8  
  41  4:46  Drone x3  
  41  4:55  Drone  
  41  4:56  Drone  
  43  5:02  Overlord  
  43  5:07  Hatchery, Overlord  
  37  5:28  Zergling x2  
  37  5:29  Zergling x18  
  44  5:41  Drone x3  
  46  5:47  Drone x2  
  46  5:48  Drone x3  
  50  5:57  Drone  
  51  6:04  Drone x2  
  51  6:06  Extractor  
  51  6:07  Lair  
  51  6:10  Drone  
  52  6:19  Drone x4  
  52  6:20  Drone x2  
  52  6:25  Extractor  
  57  6:33  Extractor  
  57  6:35  Roach x4  
  57  6:36  Roach  
  57  6:38  Overlord  
  66  6:48  Overlord  
  66  6:49  Overlord  
  66  6:57  Evolution Chamber  
  66  6:58  Evolution Chamber  
  64  7:05  Roach x5  
  64  7:08  Glial Reconstitution  
  74  7:12  Drone x2  
  74  7:13  Drone x2  
  78  7:21  Burrow  
  78  7:25  Ravager x5  
  78  7:28  Drone x7  
  90  7:34  Overlord x2  
  90  7:38  Overseer  
  75  8:13  Roach  
  75  8:14  Roach x15  
  102  8:38  Overlord  
  102  8:39  Overlord x2  
  102  8:48  Zerg Missile Weapons Level 1, Zerg Ground Armor Level 1  
  102  8:53  Overlord x2, Hydralisk Den  
  101  8:58  Overlord x2  
  101  9:00  Zergling x2  
  101  9:01  Zergling x6  
  99  9:21  Zergling x2  
  99  9:22  Zergling x28  
  106  9:36  Zergling x6  
  106  9:51  Zergling x18  
  106  9:52  Zergling x6  
  111  10:02  Overlord  
  109  10:14  Ravager  
  109  10:15  Ravager x4  
  109  10:16  Hydralisk  
  109  10:17  Hydralisk x8  
  107  10:53  Hydralisk x7  
  107  10:58  Overlord x3  
  107  11:02  Drone x3  
  107  11:03  Drone  
  107  11:11  Hatchery, Extractor  
  107  11:13  Extractor  
  107  11:25  Extractor  
Show
View Real Time Build Order
Export as new Build Order

Wormwood Protoss 

Build Orders:  

Get SALT Encoding   

  12  0:01  Probe (Chrono Boost)  
  13  0:11  Probe (Chrono Boost)  
  14  0:19  Pylon  
  14  0:20  Probe (Chrono Boost)  
  15  0:37  Probe (Chrono Boost)  
  15  0:42  Gateway  
  16  0:46  Assimilator  
  16  0:47  Probe (Chrono Boost)  
  17  0:53  Assimilator  
  17  0:57  Probe (Chrono Boost)  
  18  1:07  Gateway  
  18  1:09  Probe (Chrono Boost)  
  19  1:19  Probe (Chrono Boost)  
  20  1:29  Probe (Chrono Boost)  
  21  1:34  Cybernetics Core  
  21  1:39  Probe (Chrono Boost)  
  22  1:48  Probe (Chrono Boost)  
  23  1:56  Pylon  
  23  2:13  Mothership Core (Chrono Boost), Warp Gate (Chrono Boost)  
  23  2:15  Adept x2  
  29  2:29  Gateway  
  29  2:31  Probe (Chrono Boost)  
  29  2:34  Pylon  
  30  2:41  Probe (Chrono Boost)  
  31  2:52  Probe  
  32  3:15  Nexus  
  32  3:16  Probe  
  32  3:17  Pylon  
  33  3:28  Probe  
  34  3:40  Probe  
  29  3:41  Gateway  
  29  3:53  Mothership Core (Chrono Boost)  
  28  4:05  Adept x2  
  28  4:06  Adept  
  34  4:18  Pylon  
  26  4:44  Adept  
  28  4:51  Adept  
  30  4:57  Probe (Chrono Boost)  
  31  5:01  Probe (Chrono Boost)  
  32  5:07  Pylon  
  32  5:09  Adept  
  34  5:18  Pylon  
  29  5:24  Adept  
  31  5:35  Pylon  
  27  5:36  Adept  
  28  5:46  Adept  
  28  5:47  Adept x2  
  28  5:49  Probe (Chrono Boost)  
  33  6:00  Forge  
  33  6:02  Sentry  
  33  6:03  Probe (Chrono Boost)  
  36  6:04  Probe (Chrono Boost)  
  37  6:22  Gateway  
  37  6:23  Probe (Chrono Boost)  
  38  6:28  Probe (Chrono Boost), Pylon  
  39  6:33  Probe (Chrono Boost)  
  39  6:34  Adept  
  42  6:44  Probe (Chrono Boost), Protoss Ground Weapons Level 1 (Chrono Boost)  
  42  6:45  Photon Cannon  
  42  6:46  Assimilator  
  43  6:53  Probe  
  44  6:58  Probe  
  44  7:01  Photon Cannon  
  45  7:05  Probe  
  46  7:18  Probe  
  46  7:21  Gateway, Probe  
  48  7:25  Adept  
  48  7:26  Adept x2  
  48  7:28  Probe  
  54  7:33  Probe (Chrono Boost)  
  56  7:39  Probe (Chrono Boost)  
  56  7:40  Photon Cannon  
  57  7:44  Probe (Chrono Boost)  
  58  7:57  Stalker  
  58  7:58  Stalker x2  
  60  7:59  Stalker  
  56  8:11  Stalker  
  42  8:23  Stalker  
  42  8:24  Stalker x2  
  42  8:25  Stalker  
  48  8:38  Probe (Chrono Boost)  
  48  8:39  Probe (Chrono Boost)  
  48  8:41  Pylon  
  50  8:45  Assimilator  
  50  8:46  Stargate  
  50  8:48  Probe (Chrono Boost)  
  50  8:49  Stalker, Probe (Chrono Boost)  
  50  8:50  Stalker  
  56  8:58  Probe (Chrono Boost)  
  56  9:02  Pylon  
  57  9:04  Pylon  
  57  9:06  Stalker x2  
  57  9:07  Probe (Chrono Boost)  
  57  9:08  Probe (Chrono Boost)  
  53  9:17  Probe (Chrono Boost)  
  53  9:18  Probe (Chrono Boost)  
  53  9:19  Stalker x2  
  52  9:28  Pylon  
  46  9:34  Stalker x3  
  52  9:39  Zealot  
  43  9:51  Void Ray (Chrono Boost)  
  43  10:03  Adept  
  43  10:04  Adept x2  
  45  10:27  Stalker x2  
  45  10:29  Stalker  
Tags
 
Add a new tag
Caveats
  • Supply blocks, unpowered buildings, or Contaminate may cause inaccurate times.
  • Supply counts are checked every 10 seconds.